 Dungeon Crawl Stone Soup version 0.18-a0-1126-ga2d7f46 (webtiles) character file.

38 Chiseanne the Skirmisher (level 3, 0/46 HPs)
             Began as a Centaur Air Elementalist on Jan 20, 2016.
             Succumbed to a worker ant's poison
             ... on level 4 of the Dungeon.
             The game lasted 00:03:40 (2089 turns).

Chiseanne the Skirmisher (Centaur Air Elementalist) Turns: 2089, Time: 00:03:40

Health: 0/46       AC: 21    Str: 10    XL:     3   Next: 25%
Magic:  1/5        EV:  1    Int: 15    God:
Gold:   100        SH:  0    Dex:  9    Spells: 1 memorised, 4 levels left

rFire  . . .     SeeInvis .     a - +1 club
rCold  . . .     Gourm    .     (armour currently unavailable)
rNeg   + + +     Faith    .     (no shield)
rPois  +         Spirit   .     (helmet currently unavailable)
rElec  .         Dismiss  .     (cloak currently unavailable)
rCorr  .         Reflect  .     (gloves currently unavailable)
SustAt .         Harm     .     (no barding)
MR     .....     NoTele   +     (no amulet)
Stlth  ++........               (no ring)
                                (no ring)

@: lethally poisoned (0 -> -7), tree-form, very slightly contaminated, not
resistant to hostile enchantments, unstealthy
A: (hooves 0), (deformed body), (speed 0), (tough skin 0)
a: no special abilities


You were on level 4 of the Dungeon.
You were hungry.
You were a tree.
You visited 1 branch of the dungeon, and saw 3 of its levels.

You collected 100 gold pieces.

Inventory:

Hand Weapons
 a - a +1 club (weapon)
Armour
 d - a +0 robe (melded)
Wands
 i - a wand of paralysis (12/24)
Scrolls
 e - a scroll of teleportation
 f - 2 scrolls of immolation
 g - 3 scrolls of remove curse
Books
 b - a book of Air

   Spells                             Type                      Level
   a - Shock                          Conjuration/Air              1
   b - Swiftness                      Charms/Air                   2
   c - Repel Missiles                 Charms/Air                   2
   d - Static Discharge               Conjuration/Air              3
   e - Lightning Bolt                 Conjuration/Air              5
Comestibles
 c - a bread ration


   Skills:
 + Level 3.0 Fighting
 - Level 1.3 Dodging
 - Level 1.2 Stealth
 - Level 1.5 Spellcasting
 - Level 0.8 Conjurations
 - Level 2.6 Air Magic


You had 4 spell levels left.
You knew the following spells:

 Your Spells              Type           Power        Failure   Level  Hunger
a - Shock                 Conj/Air       #...         12%         1    ##.....


Dungeon Overview and Level Annotations

Branches:
Dungeon (2/15)

Altars:

Annotations:
D:1 exclusion: downstairs
D:2 Sigmund


Innate Abilities, Weirdness & Mutations

((You have hooves in place of feet.))
((Armour fits poorly on your strangely shaped body.))
((You cover ground very quickly.))
((You have extremely tough skin (AC +3).))


Message History

The worker ant bites you but does no damage. x2
You closely miss the worker ant.
The worker ant is moderately wounded.
* * * LOW HITPOINT WARNING * * *
You feel sick.
The worker ant bites you but does no damage.
You hit the worker ant but do no damage.
The worker ant is moderately wounded.
* * * LOW HITPOINT WARNING * * *
You feel sick.
The worker ant bites you but does no damage. x2
You hit the worker ant.
The worker ant is heavily wounded.
* * * LOW HITPOINT WARNING * * *
You feel sick.
The worker ant waves its antennae.
The worker ant bites you but does no damage.
You hit the worker ant but do no damage.
The worker ant is heavily wounded.
You die...

#.###########
#.#..♣a...... ....
#.#.#########
#....#.#.#########
#...#............
###...#.......#####
..........###.#
............#.#
..........###.#
..............#


You could see a worker ant.

Vanquished Creatures
  An ooze (D:1)
  A giant gecko (D:1)
  A ball python (D:1)
  A giant cockroach (D:2)
  2 goblins
  6 hobgoblins
  4 jackals (D:1)
  5 kobolds (D:1)
  4 bats (D:1)
  3 giant newts (D:1)
  A rat (D:1)
29 creatures vanquished.

Notes
Turn   | Place    | Note
--------------------------------------------------------------
     0 | D:1      | Chiseanne the Centaur Air Elementalist began the quest for the Orb.
     0 | D:1      | Reached XP level 1. HP: 14/14 MP: 3/3
   107 | D:1      | Noticed a lindwurm
   107 | D:1      | Noticed a black bear
   147 | D:1      | Reached skill level 1 in Fighting
   374 | D:2      | Noticed Sigmund
   746 | D:1      | Reached XP level 2. HP: 21/23 MP: 0/4
  1452 | D:1      | Reached XP level 3. HP: 21/30 MP: 5/5
  2020 | D:2      | Reached skill level 3 in Fighting
  2024 | D:2      | You fall through a shaft for 2 floors!
  2086 | D:4      | HP: 2/46 [poisoned by a worker ant]
  2089 | D:4      | Succumbed to a worker ant's poison

Vault maps used:
D:1:      onia_arrival_zoo_common, roderic_lattice_a, minmay_misc_feat_doors
D:2:      tgw_fedhas, uniq_sigmund
D:4:      minmay_temple_entry_overgrown, first_bread

Action                   || total
-------------------------++-------
Melee: Club              ||    57
       Unarmed           ||     8
 Cast: Shock             ||    62
  Use: Scroll            ||     5
       Potion            ||     1
  Eat: Chunk             ||     4
